 Dungeon Crawl Stone Soup version 0.31-a0-188-g5e087ee2ca (webtiles) character file.

Game seed: 7617017877430268706

58 qw the Shooter (level 3, -6/20 HPs)
             Began as a Deep Elf Hunter on June 23, 2023.
             Mangled by an orc
             ... wielding a +0 morningstar
              (10 damage)
             ... on level 2 of the Dungeon.
             The game lasted 00:00:35 (1816 turns).

qw the Shooter (Deep Elf Hunter)                    Turns: 1816, Time: 00:00:35

Health: -6/20      AC:  5    Str: 10    XL:     3   Next: 75%
Magic:  5/5        EV: 11    Int: 13    God:
Gold:   95         SH:  0    Dex: 18    Spells: 2/2 levels left

rFire   . . .        Y - +0 shortbow
rCold   . . .        (shield currently unavailable)
rNeg    . . .        i - +0 ring mail
rPois   .            (no helmet)
rElec   .            (no cloak)
rCorr   .            (no gloves)
SInv    .            (no boots)
Will    .....        (no amulet)
Stlth   +            (no ring)
HPRegen 0.23/turn    (no ring)
MPRegen 0.09/turn

%: no passive effects
@: about to teleport
A: no striking features
a: no special abilities


You were on level 2 of the Dungeon.
You visited 1 branch of the dungeon, and saw 3 of its levels.

You collected 95 gold pieces.


   Skills:
 - Level 1.5 Fighting
 + Level 7.2 Ranged Weapons
 - Level 2.4 Dodging
 - Level 1.2 Stealth


You had 2 spell levels left.
You didn't know any spells.
Your spell library was empty.

Inventory:

Hand Weapons
 Y - a +0 shortbow (weapon)
Armour
 i - a +0 ring mail (worn)
Scrolls
 a - 3 scrolls of teleportation
Potions
 b - a potion of curing {unknown}
 c - a potion of cancellation {unknown}
 e - a potion of ambrosia {unknown}
 g - a potion of invisibility {unknown}
 j - a potion of heal wounds
 l - a potion of brilliance {unknown}

Dungeon Overview and Level Annotations

Branches:
Dungeon (3/15)

Altars:


Message History

You climb downwards.
The orc shouts! x3
Found a leather armour.
Found a stone staircase leading up.
There is a stone staircase leading up here.
There are monsters nearby!
Waypoint 2 assigned to D:3.
You shoot an arrow. The arrow hits the orc.
The orc is heavily wounded.
You shoot an arrow. The arrow completely misses the orc.
You feel your willpower return.
You shoot an arrow. The arrow closely misses the orc.
The orc barely misses you.
You shoot an arrow. The arrow hits the orc.
You kill the orc!
The orc wizard hits you but does no damage.
You shoot an arrow. The arrow hits the orc wizard.
The orc wizard is lightly wounded.
The orc hits you with a +0 morningstar.
The orc wizard hits you with a +0 dagger.
1812 ||| STAIRDANCE The orc closely misses you.
The orc hits you but does no damage.
The orc wizard hits you with a +0 dagger.
You climb upwards.
There is a stone staircase leading down here.
You shoot an arrow.
The arrow hits the orc wizard but does no damage.
The orc wizard is lightly wounded.
The orc wizard hits you but does no damage.
The orc barely misses you. The orc closely misses you.
You shoot an arrow.
The arrow hits the orc wizard but does no damage.
The orc wizard is lightly wounded.
The orc wizard barely misses you. The orc hits you with a +0 morningstar.
The orc hits you with a +0 flail.
1816 ||| READING 4 scrolls of teleportation.
As you read the scroll of teleportation, it crumbles to dust.
You feel strangely unstable.
The orc wizard hits you with a +0 dagger.
The orc hits you with a +0 morningstar!
Ouch! That really hurt!
You die...

### ### ####
##.#####.#######..###
....................#########
#..#.#...............!....).#
#..#.#...###.##...#.#########
..................#.#
#..#.#...###.##...#.#####
#.)#.#................#.#
...............o@o#.#.#.# ###
#................o......### #.#
#..#.#....................# #.#
..............#.......#.#.# #.#
##.#.#........#...#.#.#.#.###.##
##.#.#....(...#................#
##.........................<...#
##.#.#.....#..............####.#
##.#.#............###.#...# #.#


You could see an orc wizard and 2 orcs.

Vanquished Creatures
  An adder (D:2)
  An orc (D:3)
  8 ball pythons
  6 endoplasms
  2 giant cockroaches (D:2)
  6 goblins
  A hobgoblin (D:1)
  6 quokkas
  A frilled lizard (D:1)
  5 kobolds
  7 rats
44 creatures vanquished.

Notes
Turn   | Place    | Note
-------+----------+-------------------------------------------
     0 | D:1      | qw the Deep Elf Hunter began the quest for the Orb.
     0 | D:1      | Reached XP level 1. HP: 12/12 MP: 3/3
     0 | D:1      | 0 ||| qw: Version: 0.3-a-9-g12657ce
     0 | D:1      | 0 ||| qw: Game counter: 3861
     0 | D:1      | 0 ||| qw: Always use a shield: true
     0 | D:1      | 0 ||| qw: God list: Okawaru
     0 | D:1      | 0 ||| qw: Allow faded altars: false
     0 | D:1      | 0 ||| qw: Do Orc after D:15 true
     0 | D:1      | 0 ||| qw: Do second Lair branch before Depths: true
     0 | D:1      | 0 ||| qw: Lair rune preference: random
     0 | D:1      | 0 ||| qw: Plans: Normal
     0 | D:1      | 0 ||| PLANNING D:1-11
   202 | D:1      | Reached XP level 2. HP: 16/16 MP: 4/4
   204 | D:1      | Reached skill level 6 in Ranged Weapons
   773 | D:1      | 773 ||| UPGRADING to +0 scale mail.
   783 | D:1      | 783 ||| DROPPING +0 leather armour.
   784 | D:1      | 784 ||| UPGRADING to +0 ring mail.
   794 | D:1      | 794 ||| DROPPING +0 scale mail.
   795 | D:1      | 795 ||| READING 3 scrolls labelled SAH JONIXZISSA.
   799 | D:1      | 799 ||| READING scroll labelled YZAIMA XEBALL.
   800 | D:1      | 800 ||| READING scroll labelled RAUZE NOSCHUR.
   801 | D:1      | 801 ||| DROPPING scroll of butterflies.
   834 | D:2      | Reached XP level 3. HP: 20/20 MP: 5/5
  1246 | D:2      | Reached skill level 7 in Ranged Weapons
  1766 | D:2      | 1766 ||| READING 2 scrolls labelled CONOT FOCATOB.
  1767 | D:2      | 1767 ||| READING scroll labelled RIZOTW FOLUO.
  1768 | D:2      | 1768 ||| DRINKING 2 viscous inky potions.
  1795 | D:2      | 1795 ||| DRINKING 2 grey potions.
  1796 | D:2      | 1796 ||| DROPPING scroll of noise.
  1797 | D:2      | 1797 ||| DROPPING potion of lignification.
  1812 | D:3      | 1812 ||| STAIRDANCE
  1815 | D:2      | HP: 5/20 [orc/+0 flail (5)]
  1816 | D:2      | 1816 ||| READING 4 scrolls of teleportation.
  1816 | D:2      | Mangled by an orc

Levels and vault maps discovered:
D:1:      dpeg_arrival_ratfight, layout_loops_ring
D:2:      layout_basic, minmay_split_cup_large
D:3:      layout_loops_ring, minmay_overflow_temple_star_quad,
          nicolae_overflow_hidden_temple, hellmonk_ecumenical_altar_run_dry,
          serial_shops, shop, shop, nicolae_shop_statue_plus, shop,
          uniq_sigmund, uniq_ijyb

Skill      XL: |  1  2  3 |
---------------+----------+-----
Ranged Weapons | 6 7 |  7.2
Fighting       | |  1.5
Dodging        | |  2.4
Stealth        | |  1.2

Action                     || total
---------------------------++-------
   Fire: Shortbow          ||   110
    Use: Scroll            ||     6
         Potion            ||     2
 Armour: Leather armour    ||     3
         Ring mail         ||     7
  Dodge: Dodged            ||    16

Table legend:
 A = Non-vault XP
 B = Vault XP
 C = Vault XP percentage of total XP
 D = Non-vault monster count
 E = Vault monster count
 F = Vault count percentage of total count
                 A         B        C        D         E       F
            +---------+---------+-------+---------+---------+-------
      Total |      70 |      13 |  15.7 |      35 |       9 |  20.5
            +---------+---------+-------+---------+---------+-------
        D:1 |      34 |       5 |  12.8 |      21 |       5 |  19.2
        D:2 |      33 |       8 |  19.5 |      13 |       4 |  23.5
        D:3 |       3 |       0 |   0.0 |       1 |       0 |   0.0
            +---------+---------+-------+---------+---------+-------
